| TOP OF THE 1ST |
|
Toledo Mud Hens batting - Pitching for Salt Lake Bees : RHP Bill Tindall
|
|
Pitching: RHP Bill Tindall
|
|
|
Batting: RHB Brady Jeleniewski
|
0-0: Foul Ball, location: 2F 0-1: Ball 1-1: Foul Ball, location: 2F 1-2: Ground out 5-3 (Groundball, 56S, EV 85.6 MPH)
|
|
Batting: LHB Jamel Alexander
|
0-0: Ball 1-0: Foul Ball, location: 2F 1-1: Ball 2-1: Ball 3-1: Ground out U3 (Groundball, 3, EV 105.6 MPH)
|
|
Batting: SHB Jared Boyce
|
0-0: Fly out, F9 (Flyball, 89M, EV 83.1 MPH)
|
| Top of the 1st over - 0 runs, 0 hits, 0 errors, 0 left on base; Toledo 0 - Salt Lake 0 |
| BOTTOM OF THE 1ST |
|
Salt Lake Bees batting - Pitching for Toledo Mud Hens : LHP John McRight
|
|
Pitching: LHP John McRight
|
|
|
Batting: RHB Reginald McDougall
|
0-0: Ground out 4-3 (Groundball, 4, EV 94.4 MPH)
|
|
Batting: RHB Guillermo Mojica
|
0-0: Called Strike 0-1: Ball 1-1: Swinging Strike 1-2: Ball 2-2: Ground out 5-3 (Groundball, 5, EV 101.9 MPH)
|
|
Batting: RHB Justin Lauderdale
|
0-0: Swinging Strike 0-1: Fly out, F9 (Flyball, 9LS, EV 92.5 MPH)
|
| Bottom of the 1st over - 0 runs, 0 hits, 0 errors, 0 left on base; Toledo 0 - Salt Lake 0 |
| TOP OF THE 2ND |
|
Toledo Mud Hens batting - Pitching for Salt Lake Bees : RHP Bill Tindall
|
|
Batting: SHB Raul Morales
|
0-0: Ball 1-0: Called Strike 1-1: Ball 2-1: Ball 3-1: Foul Ball, location: 2F 3-2: Base on Balls
|
|
Batting: RHB Tim Borden
|
0-0: Ball Raul Morales steals 2nd base 1-0: Ball 2-0: Foul Ball, location: 2F 2-1: Fly out, F8 (Line Drive, 8LD, EV 105.6 MPH) Runner from 2nd tags up, SAFE at 3rd with throw by CF
|
|
Batting: RHB Paul Wood
|
0-0: Ball 1-0: Ball 2-0: Ball 3-0: Base on Balls
|
|
Batting: LHB Howie Gutierrez
|
0-0: Ball 1-0: Fielders Choice at 2nd, 6-4 (Groundball, 6M, EV 85.6 MPH) Raul Morales scores
|
|
Batting: RHB Casey Knutson
|
0-0: Called Strike Howie Gutierrez steals 2nd base 0-1: Fly out, F8 (Flyball, 8LD, EV 105.6 MPH)
|
| Top of the 2nd over - 1 run, 0 hits, 0 errors, 1 left on base; Toledo 1 - Salt Lake 0 |
| BOTTOM OF THE 2ND |
|
Salt Lake Bees batting - Pitching for Toledo Mud Hens : LHP John McRight
|
|
Batting: RHB Cesar Ortega
|
0-0: Called Strike 0-1: Ball 1-1: Foul Ball, location: 2F 1-2: Ball 2-2: Strikes out swinging
|
|
Batting: LHB Matt Patnaude
|
0-0: Ball 1-0: Foul Ball, location: 2F 1-1: Ball 2-1: SINGLE (Line Drive, 89S, EV 95.6 MPH)
|
|
Batting: SHB Mario Padron
|
0-0: Fly out, F7 (Line Drive, 7, EV 86.2 MPH)
|
|
Batting: SHB Ivan Barry
|
0-0: Swinging Strike Pickoff Throw to First - Out! 1-3
|
| Bottom of the 2nd over - 0 runs, 1 hit, 0 errors, 0 left on base; Toledo 1 - Salt Lake 0 |
| TOP OF THE 3RD |
|
Toledo Mud Hens batting - Pitching for Salt Lake Bees : RHP Bill Tindall
|
|
Batting: LHB Adam Lancaster
|
0-0: Ball 1-0: Ball 2-0: Foul Ball, location: 2F 2-1: Ball 3-1: DOUBLE (Line Drive, 7LS, EV 106.9 MPH)
|
|
Batting: RHB Brady Jeleniewski
|
0-0: Called Strike 0-1: Ball 1-1: Ball 2-1: Ground out 6-3 (Groundball, 6S, EV 84.4 MPH) Adam Lancaster to third
|
|
Batting: LHB Jamel Alexander
|
0-0: Ball 1-0: Foul Ball, location: 2F 1-1: Ball 2-1: Ball 3-1: Swinging Strike 3-2: Ground out U3 (Groundball, 3, EV 83.1 MPH)
|
|
Batting: SHB Jared Boyce
|
0-0: Called Strike 0-1: Swinging Strike 0-2: Strikes out swinging
|
| Top of the 3rd over - 0 runs, 1 hit, 0 errors, 1 left on base; Toledo 1 - Salt Lake 0 |
| BOTTOM OF THE 3RD |
|
Salt Lake Bees batting - Pitching for Toledo Mud Hens : LHP John McRight
|
|
Batting: SHB Ivan Barry
|
0-0: Called Strike 0-1: Ball 1-1: Swinging Strike 1-2: Foul Ball, location: 2F 1-2: Foul Ball, location: 2F 1-2: Fly out, F8 (Line Drive, 8RD, EV 98.1 MPH)
|
|
Batting: RHB Ryan Marler
|
0-0: Called Strike 0-1: DOUBLE (Flyball, 8LXD, EV 96.9 MPH)
|
|
Batting: RHB David Young
|
0-0: Called Strike 0-1: Foul Ball, location: 2F 0-2: Ball 1-2: Ball 2-2: Ground out 4-3 (Groundball, 4, EV 91.9 MPH) Ryan Marler to third
|
|
Batting: RHB Reginald McDougall
|
0-0: SINGLE (Groundball, 3S, EV 65.6 MPH) (infield hit) Ryan Marler scores
|
|
Batting: RHB Guillermo Mojica
|
0-0: Ball Reginald McDougall steals 2nd base 1-0: Ball 2-0: SINGLE (Flyball, 89S, EV 88.1 MPH) Reginald McDougall to third
|
|
Batting: RHB Justin Lauderdale
|
0-0: Ball 1-0: Fly out, F8 (Flyball, 89D, EV 107.5 MPH)
|
| Bottom of the 3rd over - 1 run, 3 hits, 0 errors, 2 left on base; Toledo 1 - Salt Lake 1 |
| TOP OF THE 4TH |
|
Toledo Mud Hens batting - Pitching for Salt Lake Bees : RHP Bill Tindall
|
|
Batting: SHB Raul Morales
|
0-0: Called Strike 0-1: Ground out U3 (Groundball, 3L, EV 87.5 MPH)
|
|
Batting: RHB Tim Borden
|
0-0: Ball 1-0: DOUBLE (Flyball, 8LXD, EV 98.8 MPH)
|
|
Pinch Runner at 2nd Miguel Nunez:
|
|
|
Batting: RHB Paul Wood
|
0-0: Ball 1-0: Foul Ball, location: 2F 1-1: Foul Ball, location: 2F 1-2: Foul Ball, location: 2F 1-2: Strikes out looking
|
|
Batting: LHB Howie Gutierrez
|
0-0: Ball 1-0: Ball 2-0: Ball 3-0: Called Strike 3-1: Base on Balls
|
|
Batting: RHB Casey Knutson
|
0-0: Foul Ball, location: 2F 0-1: Swinging Strike 0-2: Strikes out swinging
|
| Top of the 4th over - 0 runs, 1 hit, 0 errors, 2 left on base; Toledo 1 - Salt Lake 1 |
| BOTTOM OF THE 4TH |
|
Salt Lake Bees batting - Pitching for Toledo Mud Hens : LHP John McRight
|
|
Now at 1B: Jamie Roberts
|
|
|
Batting: RHB Cesar Ortega
|
0-0: Ball 1-0: Fly out, F9 (Flyball, 8RM, EV 96.2 MPH)
|
|
Batting: LHB Matt Patnaude
|
0-0: Called Strike 0-1: Swinging Strike 0-2: Ball 1-2: Ground out U3 (Groundball, 3, EV 87.5 MPH)
|
|
Batting: SHB Mario Padron
|
0-0: Ball 1-0: Ball 2-0: Ground out 4-3 (Groundball, 4M, EV 80.6 MPH)
|
| Bottom of the 4th over - 0 runs, 0 hits, 0 errors, 0 left on base; Toledo 1 - Salt Lake 1 |
| TOP OF THE 5TH |
|
Toledo Mud Hens batting - Pitching for Salt Lake Bees : RHP Bill Tindall
|
|
Batting: LHB Adam Lancaster
|
0-0: Ball 1-0: Ground out 4-3 (Groundball, 4, EV 89.4 MPH)
|
|
Batting: RHB Brady Jeleniewski
|
0-0: Ball 1-0: Fly out, F8 (Flyball, 8LM, EV 88.8 MPH)
|
|
Batting: LHB Jamel Alexander
|
0-0: Ball 1-0: Foul Ball, location: 2F 1-1: Ball 2-1: Fly out, F7 (Flyball, 7, EV 86.2 MPH)
|
| Top of the 5th over - 0 runs, 0 hits, 0 errors, 0 left on base; Toledo 1 - Salt Lake 1 |
| BOTTOM OF THE 5TH |
|
Salt Lake Bees batting - Pitching for Toledo Mud Hens : LHP John McRight
|
|
Batting: SHB Ivan Barry
|
0-0: Called Strike 0-1: Swinging Strike 0-2: Foul Ball, location: 2F 0-2: Ball 1-2: Foul Ball, location: 2F 1-2: Strikes out swinging
|
|
Batting: RHB Ryan Marler
|
0-0: Ball 1-0: Called Strike 1-1: Swinging Strike 1-2: Strikes out swinging
|
|
Batting: RHB David Young
|
0-0: Ball 1-0: SINGLE (Groundball, 56D, EV 100.6 MPH)
|
|
Batting: RHB Reginald McDougall
|
0-0: Ball 1-0: Ball 2-0: Called Strike 2-1: Ball 3-1: Fielders Choice at 2nd, 6-4 (Groundball, 56D, EV 80.6 MPH)
|
| Bottom of the 5th over - 0 runs, 1 hit, 0 errors, 1 left on base; Toledo 1 - Salt Lake 1 |
| TOP OF THE 6TH |
|
Toledo Mud Hens batting - Pitching for Salt Lake Bees : RHP Bill Tindall
|
|
Batting: SHB Jared Boyce
|
0-0: Foul Ball, location: 2F 0-1: Ball 1-1: Foul Ball, location: 2F 1-2: Foul Ball, location: 2F 1-2: Ball 2-2: Ball 3-2: Ground out U3 (Groundball, 3, EV 94.4 MPH)
|
|
Batting: SHB Raul Morales
|
0-0: Ball 1-0: SINGLE (Groundball, 6S, EV 66.2 MPH) (infield hit)
|
|
Batting: SHB Jamie Roberts
|
0-0: Called Strike 0-1: Ball 1-1: Ball 2-1: Foul Ball, location: 2F 2-2: Strikes out swinging
|
|
Batting: RHB Paul Wood
|
0-0: Ball 1-0: Ball 2-0: Foul Ball, location: 2F 2-1: Ball 3-1: Called Strike 3-2: Strikes out swinging
|
| Top of the 6th over - 0 runs, 1 hit, 0 errors, 1 left on base; Toledo 1 - Salt Lake 1 |
| BOTTOM OF THE 6TH |
|
Salt Lake Bees batting - Pitching for Toledo Mud Hens : LHP John McRight
|
|
Batting: RHB Guillermo Mojica
|
0-0: Ball 1-0: Called Strike 1-1: Foul Ball, location: 2F 1-2: Ground out 4-3 (Groundball, 4, EV 83.8 MPH)
|
|
Batting: RHB Justin Lauderdale
|
0-0: Ball 1-0: Foul Ball, location: 2F 1-1: Ball 2-1: Ball 3-1: Called Strike 3-2: Base on Balls
|
|
Batting: RHB Cesar Ortega
|
0-0: Called Strike 0-1: Ball 1-1: Ball 2-1: Grounds into double play, 1-6-3 (Groundball, 13, EV 66.9 MPH)
|
| Bottom of the 6th over - 0 runs, 0 hits, 0 errors, 0 left on base; Toledo 1 - Salt Lake 1 |
| TOP OF THE 7TH |
|
Toledo Mud Hens batting - Pitching for Salt Lake Bees : RHP Bill Tindall
|
|
Batting: LHB Howie Gutierrez
|
0-0: Ball 1-0: Called Strike 1-1: Fly out, F8 (Line Drive, 8RM, EV 91.9 MPH)
|
|
Batting: RHB Casey Knutson
|
0-0: Foul Ball, location: 2F 0-1: Ball 1-1: Fly out, F7 (Flyball, 7D, EV 92.5 MPH)
|
|
Batting: LHB Adam Lancaster
|
0-0: Ball 1-0: Foul Ball, location: 2F 1-1: Ball 2-1: Foul Ball, location: 2F 2-2: Ball 3-2: Ground out 4-3 (Groundball, 4, EV 80.0 MPH)
|
| Top of the 7th over - 0 runs, 0 hits, 0 errors, 0 left on base; Toledo 1 - Salt Lake 1 |
| BOTTOM OF THE 7TH |
|
Salt Lake Bees batting - Pitching for Toledo Mud Hens : LHP John McRight
|
|
Batting: LHB Matt Patnaude
|
0-0: Ball 1-0: Ball 2-0: Ground out 6-3 (Groundball, 6M, EV 87.5 MPH)
|
|
Batting: SHB Mario Padron
|
0-0: Ball 1-0: Ball 2-0: Ball 3-0: Base on Balls
|
|
Batting: SHB Ivan Barry
|
0-0: Fly out, F8 (Flyball, 8RD, EV 100.0 MPH)
|
|
Batting: RHB Ryan Marler
|
0-0: SINGLE (Groundball, 34, EV 100.0 MPH) (infield hit) Mario Padron to second
|
|
Batting: RHB David Young
|
0-0: Foul Ball, location: 2F 0-1: Foul Ball, location: 2F 0-2: Ball 1-2: DOUBLE (Line Drive, 8RD, EV 111.2 MPH) Mario Padron scores Ryan Marler to third
|
|
Batting: RHB Reginald McDougall
|
0-0: Ball 1-0: Fly out, F3 (Popup, 34, EV 61.2 MPH)
|
| Bottom of the 7th over - 1 run, 2 hits, 0 errors, 2 left on base; Toledo 1 - Salt Lake 2 |
| TOP OF THE 8TH |
|
Toledo Mud Hens batting - Pitching for Salt Lake Bees : RHP Bill Tindall
|
|
Pitching: RHP Joe Beam
|
|
|
Batting: RHB Brady Jeleniewski
|
0-0: Swinging Strike 0-1: Ball 1-1: Ball 2-1: Ground out 6-3 (Groundball, 56S, EV 80.6 MPH)
|
|
Batting: LHB Jamel Alexander
|
0-0: Hit by Pitch
|
|
Batting: SHB Jared Boyce
|
0-0: Ball 1-0: Ball 2-0: Ball 3-0: Called Strike 3-1: Called Strike 3-2: Foul Ball, location: 2F 3-2: Grounds into double play, 4-6-3 (Groundball, 4D, EV 80.0 MPH)
|
| Top of the 8th over - 0 runs, 0 hits, 0 errors, 0 left on base; Toledo 1 - Salt Lake 2 |
| BOTTOM OF THE 8TH |
|
Salt Lake Bees batting - Pitching for Toledo Mud Hens : LHP John McRight
|
|
Batting: RHB Guillermo Mojica
|
0-0: Ground out 4-3 (Groundball, 4, EV 83.1 MPH)
|
|
Batting: RHB Justin Lauderdale
|
0-0: Ball 1-0: Ball 2-0: Ball 3-0: Ground out U3 (Groundball, 34S, EV 80.0 MPH)
|
|
Batting: RHB Cesar Ortega
|
0-0: Called Strike 0-1: Foul Ball, location: 2F 0-2: Ground out 4-3 (Groundball, 4M, EV 82.5 MPH)
|
| Bottom of the 8th over - 0 runs, 0 hits, 0 errors, 0 left on base; Toledo 1 - Salt Lake 2 |
| TOP OF THE 9TH |
|
Toledo Mud Hens batting - Pitching for Salt Lake Bees : RHP Joe Beam
|
|
Pitching: RHP Eric Cunningham
|
|
|
Batting: SHB Raul Morales
|
0-0: Ball 1-0: Ball 2-0: Called Strike 2-1: Foul Ball, location: 2F 2-2: SINGLE (Groundball, 56S, EV 64.4 MPH) (infield hit)
|
|
Batting: SHB Jamie Roberts
|
0-0: Ball 1-0: SINGLE (Groundball, 56, EV 98.8 MPH) Raul Morales to second
|
|
Batting: RHB Paul Wood
|
0-0: Called Strike 0-1: Ball 1-1: Foul Ball, location: 2F 1-2: Ball 2-2: Ball 3-2: Strikes out swinging
|
|
Batting: LHB Howie Gutierrez
|
0-0: Fielders Choice at 2nd, 1-6 (Groundball, 34S, EV 73.1 MPH) Raul Morales to third
|
|
Batting: RHB Casey Knutson
|
0-0: Called Strike 0-1: Ball 1-1: Ball 2-1: Fielders Choice at 2nd, 5-4 (Groundball, 56, EV 103.1 MPH)
|
| Top of the 9th over - 0 runs, 2 hits, 0 errors, 2 left on base; Toledo 1 - Salt Lake 2 |
|